 Dungeon Crawl Stone Soup version 0.19.1 (webtiles) character file.

8206 Monsterracer the Cleaver (level 11, -2/101 HPs)
             Began as a Hill Orc Fighter on Nov 24, 2016.
             Was a High Priest of Okawaru.
             Killed from afar by an electric eel (5 damage)
             ... with a bolt of electricity
             ... on level 1 of the Lair of Beasts.
             The game lasted 00:19:24 (8622 turns).

Monsterracer the Cleaver (Hill Orc Fighter)         Turns: 8622, Time: 00:19:25

Health: -2/101     AC: 22    Str: 20    XL:     11   Next: 27%
Magic:  16/17      EV:  8    Int:  8    God:    Okawaru [*****.]
Gold:   382        SH: 11    Dex: 13    Spells: 0 memorised, 10 levels left

rFire  . . .     SeeInvis .     j - +3 hand axe (chop)
rCold  . . .     Gourm    .     h - +0 plate armour
rNeg   . . .     Faith    .     c - +0 shield
rPois  .         Spirit   .     a - +1 helmet
rElec  .         Reflect  .     o - +0 cloak
rCorr  +         Harm     .     H - +0 pair of gloves
MR     .....                    (no boots)
Stlth  ..........               (no amulet)
                                w - ring of resist corrosion
                                E - +2 ring of slaying

@: heroism
A: blink, wild magic 1
a: Blink, Heroism, Finesse, Renounce Religion


You were on level 1 of the Lair of Beasts.
You worshipped Okawaru.
Okawaru was extremely pleased with you.
You were not hungry.

You visited 2 branches of the dungeon, and saw 10 of its levels.

You collected 382 gold pieces.

Inventory:

Hand Weapons
 j - a +3 hand axe of chopping (weapon)
Armour
 a - a +1 helmet (worn)
 c - a +0 shield (worn)
 h - a +0 plate armour (worn)
 o - a +0 cloak (worn)
 H - a +0 pair of gloves (worn)
Jewellery
 u - an uncursed ring of protection from cold
 w - a ring of resist corrosion (right hand)
 E - a +2 ring of slaying (left hand)
 J - a cursed ring of teleportation
Wands
 m - a wand of iceblast (9/15)
 q - a wand of flame (29/48)
 C - a wand of lightning (15/15)
Scrolls
 b - 6 scrolls of teleportation
 e - 6 scrolls of identify
 i - a scroll of fear
 k - a scroll of remove curse
 l - a scroll of blinking
 n - 2 scrolls of recharging
 r - 2 scrolls of fog
 s - a scroll of enchant armour
 t - a scroll of enchant weapon
 v - 3 scrolls of amnesia
 y - a scroll of magic mapping
Potions
 p - 2 potions of haste
 x - 2 potions of heal wounds
 z - 8 potions of curing
 B - 2 potions of agility
 G - a potion of flight
 I - a potion of brilliance
Comestibles
 d - 8 fruits
 f - 9 bread rations
 g - 4 meat rations
 A - 4 chunks of flesh
 D - 2 royal jellies
 F - 7 beef jerkies


   Skills:
 * Level 10.6(15.6) Fighting
 + Level 13.9(18.9) Axes
 * Level 9.1(14.1) Armour
 - Level 3.2(8.2) Shields
 + Level 8.7 Invocations


You had 10 spell levels left.
You didn't know any spells.

Dungeon Overview and Level Annotations

Branches:
Dungeon (9/15)             Temple (0/1) D:4            Lair (1/6) D:9
    Orc: D:9-12

Altars:
Gozag
Nemelex Xobeh
Okawaru
Trog
Uskayaw
Xom
Yredelemnul
The Shining One

Shops:
D:5 %


Innate Abilities, Weirdness & Mutations

You can translocate small distances at will.
Your spells are a little harder to cast, but a little more powerful.


Message History

The electric eel is severely wounded.
You hit the electric eel.
The electric eel shoots out a bolt of lightning at you!
The bolt of electricity hits you!
* * * LOW HITPOINT WARNING * * *
You miss the electric eel.
The electric eel is severely wounded.
You closely miss the electric eel.
The electric eel shoots out a bolt of lightning at you!
The bolt of electricity hits you!
* * * LOW HITPOINT WARNING * * *
The electric eel shoots out a bolt of lightning at you!
The bolt of electricity hits you!
* * * LOW HITPOINT WARNING * * *
The electric eel shoots out a bolt of lightning at you!
The bolt of electricity hits you!
* * * LOW HITPOINT WARNING * * *
The electric eel shoots out a bolt of lightning at you!
The bolt of electricity hits you!
You die...

..........#.##......
....................
....≈................#
..≈≈≈≈.≈......##.+#...
..≈≈≈≈≈..............#
..≈≈..≈≈.............#
≈≈≈)≈$≈≈.............#
.≈[>≈≈;;.............#
.≈≈≈≈≈.@...^.......†.# #
.....≈.............†.###
........................
.....................##.
........................
......................(.
........................
...........................
............................


You could see 2 electric eels.

Vanquished Creatures
  Pikel (D:6)
  A manticore (D:9)
  The ghost of Isidrus the Cleaver, a novice MiBe of Trog (D:5)
  Psyche (D:8)
  The ghost of Edgemaster the Vexing, a novice FoAM of Uskayaw (D:6)
  The ghost of dscm the Shield-Bearer, a novice GrFi of Uskayaw (D:4)
  A komodo dragon (D:9)
  2 hippogriffs
  Sigmund (D:3)
  5 yaks (Lair:1)
  A wyvern (D:9)
  Grum (D:8)
  2 hungry ghosts (D:8)
  2 water moccasins
  Edmund (D:6)
  Duvessa (D:7)
  A swamp drake (D:9)
  4 orc warriors
  An ice beast (D:9)
  A sky beast (D:8)
  A slave (D:6)
  2 ogres
  4 phantoms
  3 wolves (D:8)
  The ghost of Rationalist the Chopper, an amateur DsGl (D:3)
  2 centaurs
  2 crocodiles
  A bullfrog (D:8)
  Dowan (D:7)
  2 scorpions
  10 killer bees
  An electric eel (Lair:1)
  2 howler monkeys
  2 centaur zombies (D:9)
  4 hounds
  2 bullfrog skeletons
  Crazy Yiuf (D:3)
  2 orc priests (D:8)
  A jelly (D:7)
  A centaur skeleton (D:4)
  9 orc wizards
  Jessica (D:2)
  Terence (D:2)
  8 iguanas
  4 worker ants
  A hound skeleton (D:7)
  Robin (D:2)
  3 gnolls (D:9)
  A howler monkey skeleton (D:5)
  7 adders
  3 shadow imps
  An ooze (D:1)
  4 worms
  2 dart slugs
  3 leopard geckos
  32 orcs
  A ball python (D:7)
  5 giant cockroaches
  12 goblins
  9 hobgoblins
  14 jackals
  6 kobolds
  3 quokkas
  9 bats
  5 frilled lizards
  A giant cockroach zombie (D:4)
  A quokka zombie (D:6)
  5 rats
227 creatures vanquished.

Vanquished Creatures (others)
  2 slaves (D:6)
  A killer bee (D:6)
  A worker ant (D:4)
4 creatures vanquished.

Grand Total: 231 creatures vanquished

Notes
Turn   | Place    | Note
-------+----------+-------------------------------------------
     0 | D:1      | Monsterracer the Hill Orc Fighter began the quest for the Orb.
     0 | D:1      | Reached XP level 1. HP: 19/19 MP: 1/1
    28 | D:1      | Reached skill level 3 in Axes
   136 | D:1      | Reached XP level 2. HP: 26/26 MP: 2/2
   138 | D:1      | Reached skill level 4 in Axes
   362 | D:1      | Found an iron altar of Okawaru.
   384 | D:1      | Became a worshipper of Warmaster Okawaru
   634 | D:2      | Reached XP level 3. HP: 31/31 MP: 3/3
   642 | D:2      | Gained mutation: Your spells are a little harder to cast, but a little more powerful. [potion of mutation]
   642 | D:2      | Gained mutation: You can translocate small distances at will. [potion of mutation]
   645 | D:2      | Noticed Robin
   656 | D:2      | Killed Robin
   656 | D:2      | Reached skill level 5 in Axes
   966 | D:2      | Reached XP level 4. HP: 39/39 MP: 4/4
  1037 | D:2      | Noticed Jessica
  1047 | D:2      | Killed Jessica
  1047 | D:2      | Reached skill level 6 in Axes
  1288 | D:2      | Noticed Terence
  1305 | D:2      | Killed Terence
  1305 | D:2      | Reached XP level 5. HP: 39/45 MP: 5/5
  1480 | D:2      | Reached skill level 7 in Axes
  1940 | D:3      | Noticed Rationalist's ghost (amateur DsGl)
  1964 | D:3      | Killed Rationalist's ghost
  1964 | D:3      | Reached skill level 8 in Axes
  1964 | D:3      | Reached XP level 6. HP: 7/51 MP: 6/6
  2332 | D:3      | Found a shimmering altar of Xom.
  2426 | D:3      | Found a hide-covered altar of Uskayaw.
  2562 | D:3      | Found a runed door.
  2617 | D:3      | Noticed Sigmund
  2646 | D:3      | Killed Sigmund
  2646 | D:3      | Reached * piety under Okawaru
  2646 | D:3      | Reached skill level 9 in Axes
  2646 | D:3      | Reached XP level 7. HP: 15/57 MP: 7/7
  2889 | D:3      | Noticed Crazy Yiuf
  2901 | D:3      | Killed Crazy Yiuf
  3008 | D:4      | Noticed dscm's ghost (novice GrFi)
  3010 | D:4      | Reached skill level 1 in Invocations
  3057 | D:4      | Killed dscm's ghost
  3057 | D:4      | Reached ** piety under Okawaru
  3057 | D:4      | Reached skill level 10 in Axes
  3340 | D:4      | Reached XP level 8. HP: 65/67 MP: 9/9
  3398 | D:4      | Found a staircase to the Ecumenical Temple.
  3459 | D:4      | Found a sparkling altar of Nemelex Xobeh.
  3645 | D:4      | You fall through a shaft!
  3645 | D:5      | Entered Level 5 of the Dungeon
  3715 | D:5      | Noticed Isidrus's ghost (novice MiBe)
  3747 | D:5      | Killed Isidrus's ghost
  3747 | D:5      | Reached skill level 5 in Fighting
  3747 | D:5      | Reached skill level 11 in Axes
  4132 | D:5      | Found Lups's Food Boutique.
  4180 | D:5      | Reached skill level 5 in Armour
  4308 | D:5      | Found an opulent altar of Gozag.
  4590 | D:4      | Reached XP level 9. HP: 68/75 MP: 12/12
  4712 | D:6      | Noticed Pikel
  4727 | D:6      | Killed Pikel
  4727 | D:6      | Reached *** piety under Okawaru
  4727 | D:6      | Reached skill level 12 in Axes
  4727 | D:6      | Reached skill level 5 in Invocations
  5147 | D:6      | Noticed Edgemaster's ghost (novice FoAM)
  5158 | D:6      | Killed Edgemaster's ghost
  5282 | D:6      | Received a gift from Okawaru
  5383 | D:6      | Noticed Edmund
  5404 | D:6      | Killed Edmund
  5564 | D:7      | Noticed Duvessa
  5564 | D:7      | Noticed Dowan
  5573 | D:7      | Killed Dowan
  5573 | D:7      | Killed Duvessa
  5627 | D:7      | Reached XP level 10. HP: 88/88 MP: 15/15
  5661 | D:7      | Reached skill level 13 in Axes
  5881 | D:7      | Reached **** piety under Okawaru
  6553 | D:8      | Noticed Psyche
  6567 | D:8      | Killed Psyche
  6671 | D:8      | Found a bloodstained altar of Trog.
  6728 | D:8      | Noticed Grum
  6751 | D:8      | Killed Grum
  7190 | D:8      | Reached ***** piety under Okawaru
  7358 | D:9      | Noticed a manticore
  7371 | D:9      | Killed a manticore
  7721 | D:9      | Reached skill level 10 in Fighting
  7782 | D:9      | Reached XP level 11. HP: 94/99 MP: 11/17
  7894 | D:9      | Found a staircase to the Lair.
  8138 | D:9      | Found a faded altar of an unknown god.
  8138 | D:9      | Found a basalt altar of Yredelemnul.
  8143 | D:9      | Found a bloodstained altar of Trog.
  8145 | D:9      | Found a glowing golden altar of the Shining One.
  8158 | D:9      | Found an iron altar of Okawaru.
  8477 | Lair:1   | Entered Level 1 of the Lair of Beasts
  8494 | Lair:1   | Received a gift from Okawaru
  8622 | Lair:1   | HP: 3/101 [electric eel/bolt of electricity (10)]
  8622 | Lair:1   | Killed from afar by an electric eel

Skill      XL: |  1  2  3  4  5  6  7  8  9 10 11 |
---------------+----------------------------------+-----
Axes           | 3 4 5 6 8 9 10 11 12 13 | 13.9
Invocations    | 2 4 6 8 |  8.7
Fighting       | 4 5 7 10 | 10.6
Armour         | 4 5 6 8 9 |  9.1
Shields        | |  3.2

Action                   |  1- 3 |  4- 6 |  7- 9 | 10-12 || total
-------------------------+-------+-------+-------+-------++-------
Melee: War axe           |    42 |       |       |       ||    42
       Hand axe          |    40 |   171 |   330 |   315 ||   856
Invok: Heroism           |       |       |     9 |     9 ||    18
       Finesse           |       |       |       |     1 ||     1
  Use: Potion            |     4 |     3 |     3 |     1 ||    11
       Scroll            |       |       |       |    18 ||    18
 Stab: Distracted        |     1 |       |       |       ||     1
  Eat: Chunk             |       |     6 |    10 |    12 ||    28
Armor: Scale mail        |    43 |     5 |       |       ||    48
       Chain mail        |       |    49 |   100 |    26 ||   175
       Plate armour      |       |       |       |   129 ||   129
Dodge: Dodged            |    22 |    34 |    50 |    41 ||   147
Block: Shield            |    34 |    66 |   104 |   111 ||   315
